 Dungeon Crawl Stone Soup version 0.31-a0-1540-g5a0b83f448 (webtiles) character file.

Game seed: 7253250835317627901

49 voltaire321 the Changeling (level 3, -2/27 HPs)
             Began as a Merfolk Shapeshifter on Jan 2, 2024.
             Slain by a gnoll
             ... wielding a +0 spear
              (4 damage)
             ... on level 2 of the Dungeon.
             The game lasted 00:03:40 (1808 turns).

voltaire321 the Changeling (Merfolk Shapeshifter)   Turns: 1808, Time: 00:03:40

Health: -2/27      AC:  2    Str: 16    XL:     3   Next: 77%
Magic:  3/3        EV: 13    Int:  9    God:
Gold:   59         SH:  0    Dex: 13    Spells: 2/2 levels left

rFire   . .          .
                       - Unarmed
rCold   . . .        (no shield)
rNeg    . . .        a - +0 animal skin
rPois   .            (helmet currently unavailable)
rElec   .            (cloak currently unavailable)
rCorr   .            (gloves currently unavailable)
SInv    .            (boots currently unavailable)
Will    .....        (no amulet)
Stlth   +            (no ring)
HPRegen 0.24/turn    (no ring)
MPRegen 0.08/turn

%: no passive effects
@: beast-form
A: beast (slay +2), (nimble swimmer 2), mertail
a: Begin Untransformation


You were on level 2 of the Dungeon.
You were a hulking beast.
You visited 1 branch of the dungeon, and saw 2 of its levels.

You collected 59 gold pieces.

Inventory:

Armour
 a - a +0 animal skin (worn)
Talismans
 c - a beast talisman
 d - a flux talisman
Wands
 l - a wand of mindburst (15)
Scrolls
 e - a scroll of teleportation {unknown}
 f - a scroll of acquirement {unknown}
 i - a scroll of identify {unknown}
Potions
 b - 2 potions of lignification
 g - 2 potions of brilliance {unknown}
 h - 4 potions of curing {unknown}
 j - a potion of invisibility {unknown}
 k - 2 potions of heal wounds {unknown}


   Skills:
 + Level 1.9 Fighting
 + Level 0.3 Armour
 + Level 3.3 Dodging
 + Level 3.7 Unarmed Combat
 * Level 4.7 Shapeshifting


You had 2 spell levels left.
You didn't know any spells.
Your spell library contained the following spells:

 Spells                   Type           Power      Damage    Failure   Level
 Fugue of the Fallen      Necr           0%         N/A       77%         3
 Ozocubu's Armour         Ice            0%         N/A       77%         3
 Manifold Assault         Tloc           0%         N/A       99%         4


Dungeon Overview and Level Annotations

Branches:
Dungeon (2/15)

Altars:


Innate Abilities, Weirdness & Mutations

You are a hulking beast.
Your limbs bulge with bestial killing power. (Slay +2)
((You are very nimble when in or above water. (Stealth+, EV+, Speed+++)))
Your lower body shifts to a powerful aquatic tail in water.


Message History

The adder completely misses you. The frilled lizard bites you.
You punch the frilled lizard!
You kill the frilled lizard!
The adder bites you.
A gnoll comes into view. It is wielding a +0 spear.
You completely miss the adder.
The adder is heavily wounded.
The adder completely misses you. The adder bites you but does no damage.
You hit the adder but do no damage. You punch the adder.
The adder is severely wounded.
The adder bites you. The gnoll hits you with a +0 club!
You closely miss the adder.
The adder is severely wounded.
The adder bites you but does no damage. The gnoll barely misses you.
The adder bites you.
You closely miss the adder.
The adder is severely wounded.
The adder bites you.
You closely miss the adder. Your punch misses the adder.
The adder is severely wounded.
The adder barely misses you.
You miss the adder.
The adder is severely wounded.
The adder bites you.
The gnoll hits you from afar with a +0 spear.
* * * LOW HITPOINT WARNING * * *
You closely miss the adder.
The adder is severely wounded.
The adder closely misses you. The adder bites you but does no damage.
You hit the adder.
You kill the adder!
The gnoll attacks as it pursues you!
The gnoll hits you from afar with a +0 spear!
* * * LOW HITPOINT WARNING * * *
The gnoll attacks as it pursues you! The gnoll misses you.
You hit the gnoll.
The gnoll is heavily wounded.
The gnoll hits you with a +0 spear.
You die...

### #.# #. ######## ###.#
#. #......###.#.## #.
#.###..#.#....# .#####.
#.###..#.#.†..# .....#.
#.............# .......
#......#.###..#
......†##h.#####.# #..#
.......ggg..####.# #.##
.......##.....##.# #.#
..........#.#.##.###.####
........#.#.#.##........#
.
#..............##.###.####
.# #.....#.#....#.##.# #.#
.. ..####.#....#.##.###.#
.# #.# #.....<.........#


You could see 3 gnolls.

Vanquished Creatures
  2 adders (D:2)
  A dart slug (D:2)
  3 ball pythons (D:1)
  4 bats
  5 endoplasms (D:1)
  A hobgoblin (D:1)
  3 quokkas
  A frilled lizard (D:2)
  3 kobolds
  6 rats (D:1)
29 creatures vanquished.

Notes
Turn   | Place    | Note
-------+----------+-------------------------------------------
     0 | D:1      | voltaire321 the Merfolk Shapeshifter began the quest for
                  | the Orb.
     0 | D:1      | Reached XP level 1. HP: 15/15 MP: 1/1
   284 | D:1      | Reached XP level 2. HP: 19/21 MP: 2/2
  1621 | D:2      | Reached XP level 3. HP: 22/26 MP: 3/3
  1805 | D:2      | HP: 1/27 [gnoll/+0 spear (7)]
  1808 | D:2      | Slain by a gnoll

Illustrated notes

Levels and vault maps discovered:
D:1:      lightli_arrival_quake, layout_basic, minmay_misc_feat_rugged,
          roderic_serpentine_path
D:2:      layout_basic, serial_shops, nicolae_shop_tiny_glass,
          hellmonk_ecumenical_altar_leap_of_faith, basic_altar,
          minmay_misc_feat_five, st_stairs_7, hangedman_abyss_or_decor_stabs

Skill      XL: |  1  2 |
---------------+-------+-----
Dodging        | 3 |  3.3
Fighting       | |  1.9
Armour         | |  0.3
Unarmed Combat | |  3.7
Shapeshifting  | |  4.7

Action                     || total
---------------------------++-------
  Melee: Unarmed           ||    71
         Punch             ||     2
   Stab: Sleeping          ||     1
 Armour: Animal skin       ||    47
  Dodge: Dodged            ||    49

Table legend: (Time is in decaauts)
 A = Elapsed time spent in this place.
 B = Non-inter-level travel time spent in this place.
 C = Inter-level travel time spent in this place.
 D = Time resting spent in this place.
 E = Time spent auto-exploring this place.
 F = Levels seen in this place.
 G = Mean time per level.
                   A        B        C        D        E       F      G
               +--------+--------+--------+--------+--------+-----+--------+
         Total |   1803 |   1514 |    289 |      0 |   1272 |   2 |  901.5 |
       Dungeon |   1803 |   1514 |    289 |      0 |   1272 |   2 |  901.5 |
               +--------+--------+--------+--------+--------+-----+--------+

Top non-repeatable levels by time:
     D:1: 1599 daAuts
     D:2: 203 daAuts
